[Event "*** SCC Grand Prix: Titled Tuesday Blitz"]
[Site "Chess.com"]
[Date "2020.06.02"]
[Round "8"]
[White "PSvidler"]
[Black "Kobalia"]
[Result "1-0"]
[WhiteElo "2996"]
[BlackElo "2772"]
[TimeControl "180+1"]
[EndTime "11:36:44 PDT"]
[Termination "PSvidler won on time"]

1. Nf3 d5 2. c4 c6 3. e3 Nf6 4. b3 Bg4 5. Bb2 e6 6. h3 Bh5 7. g4 Bg6 8. Rg1 a5 9. Nc3 Nbd7 10. h4 h5 11. g5 Ne4 12. Nxe4 dxe4 13. Ne5 Nxe5 14.
Bxe5 a4 15. Rb1 axb3 16. Qxb3 Ra7 17. Bd4 c5 18. Bc3 Bf5 19. Be2 Qc7 20. a4 e5 21. a5 Bd6 22. Qb6 Qxb6 23. Rxb6 Ke7 24.
Kd1 Bd7 25. Kc2 Bc7 26. Rb2 Bxa5 27. Bxe5 Ba4+ 28. Kb1 Bb4 29. Bxg7 Rha8 30. Ra2 Bb3 31. Rxa7 Rxa7 32. Kb2 Ba4 33. Bxh5 Bxd2 34. Ra1 Ra6 35. Bf6+ Ke8 36. Bd1 Rb6+ 37. Ka2 Bd7 38. h5 Be6 39. Bb3 Rd6 40. h6 Bf5 41. Rd1 Kd7 42. Kb1 1-0

[Event "*** SCC Grand Prix: Titled Tuesday Blitz"]
[Site "Chess.com"]
[Date "2020.06.02"]
[Round "8"]
[White "DaggiGretarsson"]
[Black "LizaSolovyova"]
[Result "0-1"]
[WhiteElo "2663"]
[BlackElo "2530"]
[TimeControl "180+1"]
[EndTime "11:36:44 PDT"]
[Termination "LizaSolovyova won on time"]

1. d4 f5 2. Bg5 d5 3. e3 Qd6 4. Nc3 e6 5. a3 c6 6. h4 Be7 7. Bf4 Qd8 8. h5 h6 9. Nf3 Nf6 10. Ne5 O-O 11. Ng6 Re8 12. Qf3 Ne4 13. Nxe4 fxe4 14.
Qg3 e5 15. Bxe5 Nd7 16. Bxg7 Kxg7 17. Nxe7+ Kh8 18. Nf5 Qf6 19. Nh4 Nf8 20. O-O-O a5 21. Be2 Ne6 22. Ng6+ Kh7 23. f3 Ng5 24. f4 Nf7 25.
Qh2 b5 26. g4 b4 27. a4 c5 28. dxc5 Bd7 29. Rxd5 Bxa4 30. g5 Qe6 31. Bc4 Bb5 32.
Ba2 b3 33. Bxb3 a4 34. Ba2 a3 35. b4 Rad8 36. f5 Qc6 37. Rxd8 Nxd8 38. Ne5 Qa6 39. g6+ Kg7 40. Rd1 Qf6 41. Rd5 Bc6 0-1

[Event "*** SCC Grand Prix: Titled Tuesday Blitz"]
[Site "Chess.com"]
[Date "2020.06.02"]
[Round "8"]
[White "guillembaches"]
[Black "theblitzchamp"]
[Result "1-0"]
[WhiteElo "2444"]
[BlackElo "2624"]
[TimeControl "180+1"]
[EndTime "11:36:44 PDT"]
[Termination "guillembaches won by checkmate"]

1. e4 e5 2. Nf3 Nc6 3. Nc3 Nf6 4. d4 exd4 5. Nxd4 Bb4 6. Nxc6 bxc6 7. Bd3 d6 8. Bg5 Be6 9. f4 h6 10. Bh4 Bc5 11.
Na4 Bd4 12. c3 Be3 13. Bg3 Bg4 14. Be2 Bxe2 15. Qxe2 Bb6 16. Nxb6 axb6 17. e5 O-O 18. O-O Nd5 19. c4 Ne7 20. Rfd1 Nf5 21. Bf2 c5 22.
Qe4 Qd7 23. a3 Rfe8 24. Rd5 Qe6 25. g4 Nd4 26. f5 Qe7 27. Bxd4 cxd4 28. Re1 Qh4 29.
e6 fxe6 30. fxe6 Re7 31. Rh5 Qf6 32. Rf5 Qh4 33. Rh5 Qf6 34. Rf5 Qh4 35. Qxa8+ Kh7 36.
Qe4 Kg8 37. Rf7 Re8 38. Ref1 Qg5 39. e7 Rxe7 40. Rf8# 1-0

[Event "*** SCC Grand Prix: Titled Tuesday Blitz"]
[Site "Chess.com"]
[Date "2020.06.02"]
[Round "8"]
[White "AlanZhang"]
[Black "robertofabregas"]
[Result "0-1"]
[WhiteElo "2205"]
[BlackElo "2072"]
[TimeControl "180+1"]
[EndTime "11:36:44 PDT"]
[Termination "robertofabregas won on time"]

1. e4 c5 2. Nf3 d6 3. d4 cxd4 4.
Nxd4 Nf6 5. Nc3 a6 6. h3 b5 7. g4 h6 8. Bg2 Bb7 9. Be3 e6 10. Qe2 b4 11. Na4 d5 12. e5 Ne4 13.
O-O Nd7 14. Bf4 Rc8 15. Bh2 Nec5 16. Nxc5 Bxc5 17. Nb3 Bb6 18. Kh1 Qc7 19. Rac1 a5 20. c3 Qc4 21. Qxc4 Rxc4 22. cxb4 Rxb4 23. f4 a4 24. Na1 Rxb2 25. Rc2 a3 26. Bg1 Bxg1 27.
Kxg1 Ba6 28. Rfc1 O-O 29. Bf1 Bxf1 30. Kxf1 Nb6 31. Ke2 Nc4 32. Kd3 Rfb8 33. Nb3 Rxc2 34. Rxc2 Nb2+ 35. Kc3 Nc4 36. Nd4 Rb2 37. f5 Kf8 0-1

[Event "*** SCC Grand Prix: Titled Tuesday Blitz"]
[Site "Chess.com"]
[Date "2020.06.02"]
[Round "8"]
[White "Leonid_Starozhilov"]
[Black "DariaVoit"]
[Result "0-1"]
[WhiteElo "2708"]
[BlackElo "2577"]
[TimeControl "180+1"]
[EndTime "11:36:45 PDT"]
[Termination "DariaVoit won by checkmate"]

1. e4 e6 2. d4 d5 3. e5 c5 4. c3 Nc6 5. Nf3 Qb6 6. a3 Nh6 7. b4 cxd4 8. b5 Na5 9. Bxh6 gxh6 10. cxd4 Bd7 11. Nbd2 Rg8 12. g3 Rc8 13. Be2 Bxb5 14. O-O Bxe2 15. Qxe2 Qa6 16. Qe3 Bg7 17. a4 Kd7 18. Nb3 Nxb3 19. Qxb3 Rc4 20. Rfb1 Rc7 21. a5 Rgc8 22. Qa4+ Qc6 23. Qd1 Bf8 24. Kg2 Be7 25. Qd3 Qc2 26. Qb5+ Kd8 27. Re1 Qc4 28. Qb1 Qc2 29.
Qb5 Qc3 30. Rac1 Qb4 31. Qd3 Rxc1 32. Rxc1 Rxc1 33. Qxh7 Qc4 34. Kh3 Qe2 35. Qxf7 Qxf2 36. a6 bxa6 37. Qg8+ Kd7 38. Qf7 Rc3 39. Qg8 Qxf3 40.
Qa8 Qh5+ 41. Kg2 Rc2+ 42. Kf1 Qd1# 0-1

[Event "*** SCC Grand Prix: Titled Tuesday Blitz"]
[Site "Chess.com"]
[Date "2020.06.02"]
[Round "8"]
[White "bulletteemo"]
[Black "kintoho"]
[Result "1-0"]
[WhiteElo "2540"]
[BlackElo "2348"]
[TimeControl "180+1"]
[EndTime "11:36:45 PDT"]
[Termination "bulletteemo won by resignation"]

1. e4 c5 2. Nf3 Nf6 3. e5 Nd5 4. c3 d6 5. d4 Nc6 6. Bc4 Nb6 7. Bd3 cxd4 8. cxd4 dxe5 9. dxe5 Nb4 10. Bb5+ Bd7 11. Bxd7+ Qxd7 12. Qxd7+ Kxd7 13. Na3 e6 14. O-O Bc5 15. Bd2 Ke7 16. Rac1 Na6 17. Nb5 Rhc8 18. a3 Kf8 19. h4 Nd5 20. h5 h6 21.
g4 Be7 22. Nfd4 Rd8 23. b4 Rd7 24. f4 Nac7 25. f5 Nxb5 26. Nxb5 exf5 27. gxf5 a6 28. Nc3 Nxb4 29. f6 Bc5+ 30. Kh1 Nd3 31. Rc2 Nxe5 32.
Ne4 Bxa3 33. fxg7+ Kxg7 34. Bc3 Re7 35. Rg2+ Kh8 36. Rf5 f6 37. Nxf6 Rf8 38. Rxe5 Rxe5 39. Bxe5 b5 40. Nd7+ 1-0

[Event "*** SCC Grand Prix: Titled Tuesday Blitz"]
[Site "Chess.com"]
[Date "2020.06.02"]
[Round "8"]
[White "Arjun2002"]
[Black "almo64"]
[Result "0-1"]
[WhiteElo "2654"]
[BlackElo "2831"]
[TimeControl "180+1"]
[EndTime "11:36:46 PDT"]
[Termination "almo64 won by resignation"]

1. e4 c5 2. Nf3 Nc6 3. d4 cxd4 4. Nxd4 Nf6 5. Nc3 d6 6. f3 Nxd4 7. Qxd4 e5 8. Bb5+ Bd7 9. Qd3 h6 10. Be3 Bc6 11. O-O-O Be7 12. g4 a6 13. Bxc6+ bxc6 14. h4 Nd7 15. Kb1 Nf8 16. g5 h5 17. f4 exf4 18. Bxf4 Ng6 19. Bxd6 Qxd6 20. Qxd6 Bxd6 21. Rxd6 Ne5 22. Ne2 Ke7 23. Rdd1 Rhd8 24. c3 g6 25. Kc2 Ng4 26. Nd4 Ne3+ 27. Kc1 Nxd1 28. Nxc6+ Ke8 29. Nxd8 Nf2 30. Rf1 Nd3+ 31. Kc2 Rxd8 32. Rf6 Nc5 33. Rc6 Nxe4 34. Rxa6 Ke7 35. a4 f6 36. gxf6+ Kf7 37.
a5 g5 38. hxg5 h4 39. Ra7+ Kg6 40. Rg7+ Kf5 41. f7 Nxg5 42. Rg8 Nxf7 43. Rxd8 Nxd8 44. a6 Nc6 45. b4 h3 46. b5 h2 47. bxc6 h1=Q 48.
c7 Qa8 49. a7 Ke6 50. Kb3 Kd7 0-1

[Event "*** SCC Grand Prix: Titled Tuesday Blitz"]
[Site "Chess.com"]
[Date "2020.06.02"]
[Round "8"]
[White "MacDaddyMac"]
[Black "Baron_von_Koenig"]
[Result "0-1"]
[WhiteElo "2275"]
[BlackElo "2434"]
[TimeControl "180+1"]
[EndTime "11:36:46 PDT"]
[Termination "Baron_von_Koenig won on time"]

1. e4 d5 2. exd5 Qxd5 3. Nc3 Qd6 4. g3 Nf6 5. Bg2 Nc6 6. Nge2 Bf5 7. d3 O-O-O 8. Bf4 Qd7 9. O-O Bh3 10. a4 a6 11.
Rb1 e5 12. Bg5 h6 13. Bxf6 gxf6 14. f4 h5 15. Ne4 Be7 16. fxe5 fxe5 17. Rxf7 h4 18.
Qf1 hxg3 19. N2xg3 Bxg2 20. Qxg2 Bc5+ 21. Nxc5 Qxf7 22.
b4 Qe7 23. Nxa6 Qd6 24. b5 Na5 25. Nf5 Qb6+ 26. Kh1 Rd7 27. Nb4 Rdh7 28. Nd5 Rxh2+ 29. Qxh2 Rxh2+ 30. Kxh2 Qf2+ 31. Kh1 c6 32. Nde7+ Kd7 33.
bxc6+ bxc6 34. c4 Qc2 35. Re1 Qxd3 36. Rxe5 Nxc4 37. Re1 Nd6 38. Nxd6 Qxd6 39. a5 Qd2 40. Ra1 Kxe7 41. a6 Qh6+ 0-1

[Event "*** SCC Grand Prix: Titled Tuesday Blitz"]
[Site "Chess.com"]
[Date "2020.06.02"]
[Round "8"]
[White "Rodalquilar"]
[Black "ChelsieMonica"]
[Result "0-1"]
[WhiteElo "2608"]
[BlackElo "2467"]
[TimeControl "180+1"]
[EndTime "11:36:47 PDT"]
[Termination "ChelsieMonica won on time"]

1. d4 Nf6 2. c4 e6 3. Nc3 Bb4 4.
Qc2 Bxc3+ 5. Qxc3 d5 6. Bf4 O-O 7. e3 Ne4 8. Qc2 c5 9. Nf3 Nc6 10. Rd1 Qa5+ 11. Nd2 Nb4 12. Qb1 e5 13. Bxe5 Bf5 14.
a3 Nc6 15. Bd3 cxd4 16. exd4 Rfe8 17. f4 Nxd4 18. b4 Qxa3 19. O-O Nc3 20. Bxd4 Nxb1 21. Nxb1 Qxd3 22. Rxd3 Bxd3 23. cxd5 Bxf1 24. Kxf1 Rad8 25.
Nc3 b6 26. Kf2 f6 27. Kf3 Kf7 28. g4 Rd7 29. h4 Rc8 30. Ke4 Rc4 31. Kd3 Rxb4 32.
g5 Rb3 33. Kc4 Ra3 34. f5 Rc7+ 35. Kb4 Raxc3 36. Bxc3 fxg5 37. hxg5 g6 38. f6 Rc5 39. d6 Rd5 40. Kc4 Rxd6 41. Bb4 Re6 42. Kd5 Re2 43. Bd6 Rf2 0-1

[Event "*** SCC Grand Prix: Titled Tuesday Blitz"]
[Site "Chess.com"]
[Date "2020.06.02"]
[Round "8"]
[White "PauloFanha"]
[Black "BelaKis"]
[Result "0-1"]
[WhiteElo "1967"]
[BlackElo "2204"]
[TimeControl "180+1"]
[EndTime "11:36:47 PDT"]
[Termination "BelaKis won by checkmate"]

1. e4 e5 2. Bc4 Nc6 3. Nf3 Nf6 4. d4 exd4 5. O-O Be7 6. Re1 d6 7. Nxd4 O-O 8. Nc3 Nxd4 9. Qxd4 a6 10. h3 b5 11. Bd3 c5 12. Qe3 Bb7 13. Nd5 Nxd5 14. exd5 Bf6 15. Qe4 g6 16. Bh6 Re8 17. Qf3 Bxb2 18.
Rab1 Bg7 19. Bxg7 Kxg7 20. Kf1 Qf6 21. Qxf6+ Kxf6 22. Be4 Re7 23. Bf3 Rae8 24. Rxe7 Rxe7 25. a4 b4 26. Re1 Rxe1+ 27. Kxe1 Ke5 28. Be2 a5 29. Kd2 Bxd5 30. g3 Kd4 31. Bb5 c4 32. h4 h6 33. Be8 g5 34. hxg5 hxg5 35. Bd7 f6 36. Bf5 Bc6 37. Bg6 Bxa4 38. Bf7 Bc6 39. Be6 a4 40. Kc1 a3 41. Kb1 Bf3 42. Bf5 d5 43.
Bg6 Kc3 44. Bf5 b3 45. cxb3 cxb3 46. Ka1 d4 47. Kb1 d3 48. Kc1 a2 49. Bxd3 b2# 0-1

[Event "*** SCC Grand Prix: Titled Tuesday Blitz"]
[Site "Chess.com"]
[Date "2020.06.02"]
[Round "8"]
[White "stolencandy13"]
[Black "AnthonyWirig"]
[Result "0-1"]
[WhiteElo "2572"]
[BlackElo "2710"]
[TimeControl "180+1"]
[EndTime "11:36:48 PDT"]
[Termination "AnthonyWirig won by resignation"]

1. e4 c5 2. Nf3 e6 3. d4 cxd4 4. Nxd4 Nf6 5. Nc3 Nc6 6. Ndb5 Bc5 7. Nd6+ Ke7 8. Bf4 e5 9. Nf5+ Kf8 10. Bg5 d6 11.
Ne3 h6 12. Bxf6 Qxf6 13. Ncd5 Qh4 14. Qd3 g6 15. g3 Qd8 16. c3 Kg7 17. Bg2 a5 18. a4 Be6 19. O-O Ne7 20. Rad1 Nxd5 21. Nxd5 h5 22. Kh1 h4 23. Ne3 hxg3 24. fxg3 Qg5 25.
Rf3 Qh5 26. h4 Bxe3 27. Qxe3 Bg4 28. Rxd6 Bxf3 29. Bxf3 Qh6 30. Qc5 Rhe8 31. Rd7 Qc1+ 32. Kg2 Qxb2+ 33. Kh3 Qb3 34. Qc7 Rac8 35. Qd6 Qe6+ 36.
Qxe6 Rxe6 37. Rxb7 Rxc3 38. Bg4 Rd6 39. Rb5 Rdd3 40. Be2 Rxg3+ 41. Kh2 Rge3 42. Bf1 Rc2+ 43. Kg1 Re1 44. Rxe5 Rcc1 0-1

[Event "*** SCC Grand Prix: Titled Tuesday Blitz"]
[Site "Chess.com"]
[Date "2020.06.02"]
[Round "8"]
[White "MrChampion_Coach"]
[Black "Heineccius"]
[Result "0-1"]
[WhiteElo "2449"]
[BlackElo "2620"]
[TimeControl "180+1"]
[EndTime "11:36:48 PDT"]
[Termination "Heineccius won by resignation"]

1. d4 Nf6 2. c4 e6 3. Nc3 Bb4 4. f3 c5 5. d5 d6 6. e4 b5 7. Nh3 a6 8. Bg5 exd5 9. cxd5 Nbd7 10. Be2 c4 11. O-O O-O 12. Nf2 h6 13. Bh4 Bc5 14. Kh1 Ne5 15. f4 Ng6 16. Bxf6 Qxf6 17. e5 Qxf4 18. Ng4 Qd4 19. Qxd4 Bxd4 20. exd6 Rd8 21. Rad1 Bxc3 22. bxc3 Rxd6 23. a4 Bxg4 24. Bxg4 Rad8 25. axb5 axb5 26. Bf3 Ne5 27. Be4 g6 28. Rf2 f5 29. Bf3 Nxf3 30. gxf3 Rxd5 31. Rxd5 Rxd5 32. Rb2 f4 33. Kg2 Kf7 34. Kh3 g5 35. Rb1 h5 36.
Rb2 Kf6 37. Ra2 Rd3 38. Ra6+ Kf5 39. Kg2 Rxc3 40. Rc6 Rc2+ 41. Kg1 b4 42. Rc5+ Kf6 43. Rc6+ Ke5 44. Rc5+ Kd4 45. Rxg5 b3 46. Rb5 b2 47. h4 c3 48. Rb4+ Ke3 49. Re4+ Kxf3 50. Re1 Rc1 51. Kh2 Rxe1 0-1

[Event "*** SCC Grand Prix: Titled Tuesday Blitz"]
[Site "Chess.com"]
[Date "2020.06.02"]
[Round "8"]
[White "elegant285"]
[Black "Semetey"]
[Result "0-1"]
[WhiteElo "2382"]
[BlackElo "2544"]
[TimeControl "180+1"]
[EndTime "11:36:48 PDT"]
[Termination "Semetey won by resignation"]

1. d4 Nf6 2. c4 e6 3. Nf3 b6 4. a3 Bb7 5. Nc3 d5 6. cxd5 Nxd5 7.
Qc2 Nd7 8. e4 Nxc3 9. bxc3 Be7 10. Bd3 c5 11. O-O Rc8 12. Qe2 O-O 13. Rd1 cxd4 14. cxd4 Nf6 15. Bb2 g6 16. a4 Bb4 17.
d5 exd5 18. e5 Nh5 19. e6 f6 20.
Nd4 Re8 21. Qg4 Ng7 22. Rac1 Qe7 23. h4 Bc5 24. Bb5 Bxd4 25. Qxd4 Nxe6 26. Qxf6 Qxf6 27.
Bxf6 Rxc1 28. Rxc1 Rf8 29. Be5 Nc5 30. Bd6 Rc8 31.
Re1 Ne4 32. Bb4 a6 33. Bd7 Rc4 34.
Be6+ Kg7 35. Ba3 Rxa4 36. Bb2+ Kf8 37. Rd1 Ra2 38. Be5 Ke7 39. Bxd5 Bxd5 40. Rxd5 Nxf2 41.
Bg3 Ng4 42. Rd4 Ra1+ 0-1

[Event "*** SCC Grand Prix: Titled Tuesday Blitz"]
[Site "Chess.com"]
[Date "2020.06.02"]
[Round "8"]
[White "DanielTitichoca"]
[Black "keepitcool9499"]
[Result "0-1"]
[WhiteElo "2312"]
[BlackElo "2471"]
[TimeControl "180+1"]
[EndTime "11:36:48 PDT"]
[Termination "keepitcool9499 won on time"]

1. e4 e6 2. d3 d5 3. Nd2 Nf6 4.
Ngf3 c5 5. g3 Nc6 6. Bg2 Be7 7.
O-O O-O 8. e5 Nd7 9. Re1 b5 10.
Nf1 a5 11. h4 Qc7 12. Bf4 b4 13. N1h2 a4 14. a3 Bb7 15. Qd2 bxa3 16. bxa3 Nd4 17. Ng4 Rfb8 18. Bg5 Nxf3+ 19. Bxf3 Bf8 20. Bf4 d4 21. Bxb7 Rxb7 22. Nf6+ gxf6 23. exf6 Qc6 24. Bh6 Qd5 25. Bxf8 Kxf8 26. Qh6+ Ke8 27. Re4 Nf8 28. Rae1 Rab8 29. Re5 Qc6 30. Rg5 Rb1 31. Kf1 Qh1+ 32. Ke2 Rxe1+ 33. Kd2 Qf1 0-1

[Event "*** SCC Grand Prix: Titled Tuesday Blitz"]
[Site "Chess.com"]
[Date "2020.06.02"]
[Round "8"]
[White "FMOlexandrProhorov"]
[Black "Zmeeed63"]
[Result "1-0"]
[WhiteElo "2097"]
[BlackElo "2210"]
[TimeControl "180+1"]
[EndTime "11:36:48 PDT"]
[Termination "FMOlexandrProhorov won on time"]

1. e4 Nc6 2. d4 d5 3. Nc3 dxe4 4.
d5 Ne5 5. Bf4 Ng6 6. Bg3 Nf6 7. Bc4 Bg4 8. f3 exf3 9. Nxf3 c6 10.
O-O e6 11. dxe6 Bc5+ 12. Kh1 fxe6 13. Qe1 O-O 14. Bxe6+ Bxe6 15. Qxe6+ Kh8 16. Ng5 Qe7 17. Rae1 Qxe6 18. Nxe6 Bb4 19. Nxf8 Nxf8 20. Be5 Ng4 21. Re2 Ng6 22. Bd4 Bd6 23. h3 Nh6 24. Ne4 Bc7 25. Ng5 Nh4 26. Nf7+ Nxf7 27. Rxf7 Nf5 28. Rxc7 Ng3+ 29.
Kh2 Nxe2 30. Bxg7+ Kg8 31. c3 b6 32. Be5 c5 33. a4 Re8 34. Rg7+ Kf8 35. Rg5 Nc1 36.
Bd6+ Kf7 37. a5 Nb3 38. axb6 axb6 39. Bc7 Re6 40. Rf5+ Kg6 41. Rd5 Nc1 42. Rd6 Rxd6 43. Bxd6 Nd3 44. b4 cxb4 45. cxb4 b5 46. Kg3 Kf5 47. Kf3 Ke6 48. Bf8 Kf7 49. Bc5 Ke6 50.
Ke4 Ne1 51. g4 Ng2 52. Be3 Kd6 53. Bf4+ Ke6 54. Bg3 Kf6 55. Kf3 1-0

[Event "*** SCC Grand Prix: Titled Tuesday Blitz"]
[Site "Chess.com"]
[Date "2020.06.02"]
[Round "8"]
[White "GMaka"]
[Black "Artem_Sadovsky"]
[Result "0-1"]
[WhiteElo "2360"]
[BlackElo "2533"]
[TimeControl "180+1"]
[EndTime "11:36:50 PDT"]
[Termination "Artem_Sadovsky won on time"]

1. d4 g6 2. Nc3 Bg7 3. Bf4 d6 4. h4 e5 5. dxe5 dxe5 6. Qxd8+ Kxd8 7. O-O-O+ Nd7 8. Bd2 Bh6 9. h5 Bxd2+ 10. Rxd2 g5 11.
g4 f6 12. e4 Nh6 13. f3 c6 14. Nge2 Ke7 15. Ng3 a5 16. a4 Nc5 17. Bc4 Rd8 18. Rxd8 Kxd8 19. Nf5 Bxf5 20. exf5 Ke7 21. Rd1 Rd8 22.
Rxd8 Kxd8 23. Kd2 e4 24. Ke3 exf3 25. Kxf3 Nd7 26. Be2 Ne5+ 27. Kg3 Ke7 28. Ne4 b6 29. c3 Nhf7 30. b4 Nd6 31. Nd2 Nd7 32. bxa5 bxa5 33.
Nb3 Ne4+ 34. Kh3 Nxc3 35. Bc4 Ne5 36. Nxa5 Nxa4 37. Nxc6+ Nxc6 38. Bb5 Nc3 39. Bxc6 Kd6 40. Be8 h6 41. Bf7 Ke5 42. Bb3 Kf4 43. Bc2 Ne4 44.
Kg2 Nc3 45. Kh3 Kf3 46. Bb3 Kf2 47. Kh2 Ne2 48. Kh3 Nf4+ 49. Kh2 Ng2 50. Kh3 Ne3 51. Ba4 Kf3 52. Bb3 Kf4 0-1

[Event "*** SCC Grand Prix: Titled Tuesday Blitz"]
[Site "Chess.com"]
[Date "2020.06.02"]
[Round "8"]
[White "grandcoach"]
[Black "Walter_White_Poland"]
[Result "1-0"]
[WhiteElo "2075"]
[BlackElo "2165"]
[TimeControl "180+1"]
[EndTime "11:36:50 PDT"]
[Termination "grandcoach won by checkmate"]

1. e4 e6 2. Nf3 d5 3. e5 c5 4. b4 c4 5. d4 Bxb4+ 6. c3 Be7 7. h4 Na6 8. h5 Nh6 9. a4 Nf5 10. g4 Nh4 11. Nxh4 Bxh4 12. h6 g6 13. Qd2 Be7 14. Na3 Nc7 15. f4 O-O 16. Bh3 f6 17. Nc2 b5 18. Ne3 fxe5 19. fxe5 Bh4+ 20. Kd1 Rf2 21. Qe1 Ra2 22. Rxa2 Bxe1 23. Kxe1 bxa4 24. Ba3 Rb8 25.
Ke2 Qh4 26. Rf1 Bd7 27. Rb2 Nb5 28. Bg2 Nxc3+ 29. Kd2 Rxb2+ 30. Bxb2 Nb5 31. Nd1 a3 32. Bc1 Qh2 33. Ne3 c3+ 34. Kc2 a2 35. Ba3 Qg3 36.
Rf8# 1-0

[Event "*** SCC Grand Prix: Titled Tuesday Blitz"]
[Site "Chess.com"]
[Date "2020.06.02"]
[Round "8"]
[White "SergeyKarjakin"]
[Black "Alexander_Zubov"]
[Result "1-0"]
[WhiteElo "2972"]
[BlackElo "2972"]
[TimeControl "180+1"]
[EndTime "11:36:51 PDT"]
[Termination "SergeyKarjakin won by resignation"]

1. e4 c5 2. Nf3 d6 3. d4 cxd4 4. Nxd4 Nf6 5. Nc3 a6 6. Bd3 Nc6 7. Nxc6 bxc6 8. b3 e5 9. Na4 d5 10. exd5 cxd5 11. O-O Be7 12. Re1 e4 13. Be2 O-O 14.
Be3 Be6 15. Nc5 Qc8 16. b4 Rd8 17. Bd4 Nd7 18. Nxd7 Rxd7 19. c3 Qd8 20. a4 Bf6 21.
a5 Bxd4 22. Qxd4 Qc8 23. Rab1 Rc7 24. Rb3 Qd7 25. Ra1 Qe7 26. g3 h6 27. b5 axb5 28. Rxb5 Qf6 29. Qxf6 gxf6 30. Ra3 Rc6 31. a6 Kg7 32. a7 Rc7 33. Rba5 f5 34. f4 exf3 35.
Bxf3 Kf6 36. Kf2 Ke5 37. Ke3 Kd6 38. R5a4 Ke5 39. c4 Rc5 40. cxd5 Bxd5 41. Ra5 1-0

[Event "*** SCC Grand Prix: Titled Tuesday Blitz"]
[Site "Chess.com"]
[Date "2020.06.02"]
[Round "8"]
[White "abykhovsky"]
[Black "Indianlad"]
[Result "1-0"]
[WhiteElo "2825"]
[BlackElo "3016"]
[TimeControl "180+1"]
[EndTime "11:36:51 PDT"]
[Termination "abykhovsky won by resignation"]

1. d4 Nf6 2. Nf3 d5 3. c4 e6 4. Nc3 Be7 5. Bg5 h6 6. Bh4 O-O 7. e3 b6 8. Rc1 Bb7 9. Bxf6 Bxf6 10. cxd5 exd5 11. b4 c6 12. Be2 Re8 13. O-O Nd7 14. Qb3 b5 15. a4 a6 16. a5 Be7 17. Rc2 Bd6 18. Na2 Nf6 19. Nc1 Ne4 20. Nd3 Rc8 21. Rfc1 f6 22. Nd2 Kh8 23. Nxe4 Rxe4 24. Nc5 Bxc5 25.
Rxc5 Qd6 26. Bf3 Ree8 27. Qd3 Qe6 28. Bh5 Rf8 29. Qg6 Rc7 30. Bg4 Qf7 31. Qxf7 Rcxf7 32. Bf5 Rd8 33. Rxc6 Bxc6 34. Rxc6 Ra7 35. h4 Kg8 36. Bc8 Kf8 37. Bxa6 Rb8 38. Bc8 Ke7 39. Bf5 Rbb7 40. Re6+ Kf7 41. Rd6 g6 42. Bd3 Rd7 43. Rb6 Rdb7 44.
Rxb5 Rxb5 45. Bxb5 Ke7 46. Bd3 g5 47. Kh2 Ke6 48. Kg3 h5 49. Be2 Kd6 50. hxg5 fxg5 51. a6 Kc6 52. Bxh5 Rxa6 53. b5+ 1-0

[Event "*** SCC Grand Prix: Titled Tuesday Blitz"]
[Site "Chess.com"]
[Date "2020.06.02"]
[Round "8"]
[White "Salem-AR"]
[Black "francyIM"]
[Result "0-1"]
[WhiteElo "3010"]
[BlackElo "2686"]
[TimeControl "180+1"]
[EndTime "11:36:51 PDT"]
[Termination "francyIM won on time"]

1. Nf3 c5 2. g3 Nc6 3. Bg2 g6 4. O-O Bg7 5. c4 d6 6. Nc3 Bf5 7. b3 Qd7 8. Re1 h5 9. Bb2 Bh3 10. Bxh3 Qxh3 11. Ng5 Qg4 12. h4 Be5 13. e3 Nf6 14.
Qxg4 hxg4 15. Rad1 O-O 16. Kg2 a6 17. f4 gxf3+ 18.
Nxf3 Bxc3 19. Bxc3 b5 20. Bxf6 exf6 21. d3 Rfd8 22. Ng1 d5 23. Ne2 dxc4 24. dxc4 bxc4 25. bxc4 Ne5 26. Nf4 Nxc4 27. Nd5 Kg7 28. e4 Rd6 29. Rc1 Ne5 30. Re2 c4 31. Rb1 Rc8 32. Nc3 Rd3 33. Rc2 Ng4 34. Kh3 Ne3 35. Rcc1 f5 36. Rb7 f4 37. e5 Re8 38. Ne4 Rxe5 39. Ng5 Rf5 40. Ne6+ Kh7 41. Nxf4 Ra3 42. Re1 Rxf4 0-1

[Event "*** SCC Grand Prix: Titled Tuesday Blitz"]
[Site "Chess.com"]
[Date "2020.06.02"]
[Round "8"]
[White "Manukyan_Artak"]
[Black "GelmanAlexander"]
[Result "0-1"]
[WhiteElo "2348"]
[BlackElo "2543"]
[TimeControl "180+1"]
[EndTime "11:36:51 PDT"]
[Termination "GelmanAlexander won by checkmate"]

1. e4 c5 2. Nf3 e6 3. c3 d5 4.
e5 Nc6 5. d4 Bd7 6. a3 f6 7.
Bd3 fxe5 8. Nxe5 Nxe5 9. dxe5 Ne7 10. O-O c4 11. Bc2 Qc7 12. Qh5+ g6 13. Qg5 O-O-O 14. Nd2 Nc6 15. Nf3 Be7 16. Qg3 g5 17. Re1 Rdg8 18.
Nd4 h5 19. Nxc6 Bxc6 20. Be3 g4 21. Bd4 h4 22. Qe3 Bg5 23. Qe2 Bf4 24. b4 cxb3 25.
Bxb3 a6 26. a4 Bxh2+ 27. Kxh2 g3+ 28. Kg1 h3 29. f4 Qh7 30. Bc2 Qh4 31. f5 hxg2 32. Qxg2 Qg5 33. Be3 Qg4 34. Bd1 Qxf5 35. Rf1 Qd3 36. Bd4 Rh2 37. Qf3 Qh7 38. Bc2 Qh3 39.
Be4 dxe4 40. Qf7 Qg2# 0-1

[Event "*** SCC Grand Prix: Titled Tuesday Blitz"]
[Site "Chess.com"]
[Date "2020.06.02"]
[Round "8"]
[White "rynos0411"]
[Black "NemtsevIgor"]
[Result "1-0"]
[WhiteElo "2432"]
[BlackElo "2290"]
[TimeControl "180+1"]
[EndTime "11:36:51 PDT"]
[Termination "rynos0411 won on time"]

1. d4 g6 2. c4 Bg7 3. Nc3 Nf6 4. e4 d6 5. h3 O-O 6. Be3 e5 7. d5 Nh5 8. Be2 Nf4 9. Bf3 Na6 10. g3 Nh5 11.
Bxh5 gxh5 12. Qxh5 f5 13. Nge2 Nb4 14. O-O-O f4 15.
gxf4 exf4 16. Bd4 Bxd4 17. Nxd4 Qf6 18. Ndb5 Bd7 19. a3 a6 20. Nxc7 Rac8 21. Ne6 Bxe6 22. dxe6 Rxc4 23. axb4 Rxc3+ 24. Kb1 Rb3 25. Rd2 Qxe6 26.
Rg1+ Kh8 27. Qg5 Qf6 28. Qd5 Rxb4 29. f3 Rb5 30. Qxd6 Rxb2+ 31. Kc1 Qc3+ 32. Kd1 Rxd2+ 33. Qxd2 Qxf3+ 34. Ke1 Qxe4+ 35. Kf1 Qc4+ 36. Kf2 Qc5+ 37. Kf1 f3 38. Qb2+ 1-0

[Event "*** SCC Grand Prix: Titled Tuesday Blitz"]
[Site "Chess.com"]
[Date "2020.06.02"]
[Round "8"]
[White "praveenb2002"]
[Black "AttilaTurzo"]
[Result "0-1"]
[WhiteElo "2704"]
[BlackElo "2493"]
[TimeControl "180+1"]
[EndTime "11:36:52 PDT"]
[Termination "AttilaTurzo won by checkmate"]

1. e4 c5 2. Nf3 d6 3. d4 cxd4 4. Nxd4 Nf6 5. Nc3 a6 6. Bg5 e6 7.
f4 Be7 8. Qf3 Qc7 9. O-O-O Nbd7 10. g4 b5 11. Bxf6 Nxf6 12. g5 Nd7 13. f5 Ne5 14.
Qg3 Bd7 15. Bh3 b4 16. Nce2 Rc8 17. Kb1 Nc4 18. fxe6 fxe6 19. Rhf1 e5 20. Bxd7+ Qxd7 21. Nf5 O-O 22. g6 h6 23. Qh3 Rc7 24. Neg3 Qb5 25. Nh5 Na3+ 26. bxa3 Kh8 27. Nhxg7 bxa3+ 28. Qb3 Qd7 29. Ka1 Rb7 30. Qxa3 Rfb8 31. Nh5 Bg5 32. g7+ Kh7 33.
Ne3 Qb5 34. Qb3 Qe2 35. Qd3 Qxe3 36. Qxe3 Bxe3 37. Rf8 Bd4+ 38. Rxd4 Rb1# 0-1

[Event "*** SCC Grand Prix: Titled Tuesday Blitz"]
[Site "Chess.com"]
[Date "2020.06.02"]
[Round "8"]
[White "NefeLV"]
[Black "dosto07"]
[Result "0-1"]
[WhiteElo "1768"]
[BlackElo "2074"]
[TimeControl "180+1"]
[EndTime "11:36:52 PDT"]
[Termination "dosto07 won on time"]

1. c4 e5 2. Nc3 Nf6 3. g3 d5 4. cxd5 Nxd5 5. Bg2 Nb6 6. Nf3 Nc6 7. O-O Be7 8. d3 O-O 9. Bd2 Re8 10. Rc1 Bf8 11. Ne4 Bg4 12. Nc5 Bxc5 13. Rxc5 Qd7 14. Ng5 Nd4 15. f3 Bf5 16. e4 Bg6 17. f4 f6 18. Nh3 c6 19. fxe5 Rxe5 20. Rxe5 fxe5 21. Ng5 h6 22. Bh3 Qd6 23. Nf3 Rd8 24. a3 Bh5 25. g4 Bf7 26. Bb4 c5 27. Bc3 Bb3 28. Qd2 Rf8 29.
Nh4 Rxf1+ 30. Bxf1 Qf6 31. Bxd4 exd4 32. Nf5 Nd7 33.
Qf4 Qe5 34. Qf3 Nf6 35. h4 Be6 36. Bh3 b5 37. g5 hxg5 38. hxg5 Nd7 39. Qh5 Nf8 40.
g6 Qf6 41. Kh2 Bxf5 0-1